 Dungeon Crawl Stone Soup version 0.30-a0-867-g305f33218d (webtiles) character file.

Game seed: 7496617330254418263

10979 Rocko1345 the Cleaver (level 11, -1/97 HPs)
             Began as a Minotaur Monk on Mar 10, 2023.
             Was an Elder of Fedhas.
             Slain by Snorg (4 damage)
             ... on level 10 of the Dungeon.
             The game lasted 00:27:45 (9797 turns).

Rocko1345 the Cleaver (Minotaur Monk)               Turns: 9797, Time: 00:27:45

Health: -1/97      AC: 19    Str: 18    XL:     11   Next: 43%
Magic:  13/13      EV:  9    Int:  7    God:    Fedhas [****..]
Gold:   786        SH:  5    Dex: 15    Spells: 10/10 levels left

rFire   . . .      SeeInvis .    q - +4 hand axe (elec)
rCold   . . .      Faith    .    x - +0 buckler
rNeg    . . .      Spirit   .    v - +2 chain mail {rPois}
rPois   +          Reflect  .    f - +0 hat
rElec   .          Rampage  .    d - +0 cloak
rCorr   .                        J - +0 pair of gloves
Will    .....                    P - +1 pair of boots Stlth
                                 O - amulet of the acrobat
HPRegen 0.36/turn                (no ring)
MPRegen 0.13/turn                (no ring)

@: studying Axes
A: horns 2, retaliatory headbutt
a: Renounce Religion, Wall of Briars, Grow Ballistomycete, Overgrow


You were on level 10 of the Dungeon.
You worshipped Fedhas.
Fedhas was greatly pleased with you.
You visited 1 branch of the dungeon, and saw 10 of its levels.

You collected 786 gold pieces.

Inventory:

Hand Weapons
 a - a +0 hand axe
 m - a +0 morningstar
 o - the +4 dagger of Trial by Ordeal {speed, rF++ rCorr Str-4}
   (You found it on level 2 of the Dungeon)

   Str:       It affects your strength (-4).
   rF:        It greatly protects you from fire.
   rCorr:     It protects you from acid and corrosion.
 q - a +4 hand axe of electrocution (weapon)
 w - a +0 dagger of venom
 y - a +0 great mace
 A - a +2 dire flail of draining
 I - a +0 shortbow
 K - a +0 falchion of flaming
 V - the +7 staff of the Meek {protect, meekguard}
   (You took it off a kobold brigand on level 9 of the Dungeon)
Missiles
 t - 20 poisoned darts (quivered)
 U - 3 curare-tipped darts
Armour
 d - a +0 cloak (worn)
 e - a scarf of invisibility
 f - a +0 hat (worn)
 i - a +0 pair of boots
 k - a +0 chain mail
 v - a +2 chain mail of poison resistance (worn)
 x - a +0 buckler (worn)
 J - a +0 pair of gloves (worn)
 P - a +1 pair of boots (worn)
Jewellery
 O - an amulet of the acrobat (around neck)
Wands
 z - a wand of digging (9)
 C - a wand of flame (25)
 G - a wand of mindburst (25)
 H - a wand of charming (5)
 L - a wand of roots (5)
Scrolls
 c - a scroll of torment {unknown}
 g - 6 scrolls of poison
 p - 2 scrolls of immolation
 s - 2 scrolls of fog
 E - 5 scrolls of fear
 M - a scroll of noise
 Q - 2 scrolls of identify
 R - a scroll of enchant weapon
 S - a scroll of enchant armour {unknown}
 T - 2 scrolls of teleportation
Potions
 b - 2 potions of flight {unknown}
 h - 4 potions of curing
 j - 5 potions of attraction
 l - 2 potions of brilliance
 n - 2 potions of mutation
 r - 2 potions of invisibility {unknown}
 u - a potion of haste {unknown}
 B - 2 potions of resistance {unknown}
 F - a potion of might {unknown}
 N - a potion of lignification {unknown}


   Skills:
 + Level 9.3 Fighting
 - Level 13.8(14.4) Axes
 + Level 6.5(11.0) Maces & Flails
 + Level 2.7 Throwing
 + Level 10.5 Armour
 + Level 5.4 Dodging
 + Level 2.4 Stealth
 + Level 5.5 Shields
 * Level 4.3 Invocations


You had 10 spell levels left.
You didn't know any spells.
Your spell library contained the following spells:

 Spells                   Type           Power      Damage    Failure   Level
 Freeze                   Ice            0%         1d3       99%         1
 Blink                    Tloc           0%         N/A       100%        2
 Ensorcelled Hibernation  Hex/Ice        0%         N/A       100%        2
 Passwall                 Tmut/Erth      0%         N/A       100%        2
 Sublimation of Blood     Necr           0%         N/A       100%        2
 Wereblood                Tmut           0%         N/A       100%        2
 Frozen Ramparts          Ice            0%         1d1       100%        3
 Hailstorm                Conj/Ice       0%         3d3       100%        3
 Portal Projectile        Hex/Tloc       0%         N/A       100%        3
 Swiftness                Air            0%         N/A       100%        3
 Tukima's Dance           Hex            0%         N/A       100%        3
 Manifold Assault         Tloc           0%         N/A       100%        4
 Petrify                  Tmut/Erth      0%         N/A       100%        4
 Blade Hands              Tmut           0%         N/A       100%        5
 Metabolic Englaciation   Hex/Ice        0%         N/A       100%        5
 Statue Form              Tmut/Erth      0%         N/A       100%        6
 Storm Form               Tmut/Air       0%         N/A       100%        7
 Summon Hydra             Summ           0%         N/A       100%        7


Dungeon Overview and Level Annotations

Branches:
Dungeon (10/15)            Temple (0/1) D:7            Lair (0/5) D:8
    Orc: D:9-12

Altars:
Elyvilon
Fedhas
Gozag
Hepliaklqana
Uskayaw
Wu Jian

Annotations:
D:10 Snorg


Innate Abilities, Weirdness & Mutations

You have a pair of horns on your head.
You reflexively headbutt those who attack you in melee.


Message History

Snorg claws you but does no damage. x2; Snorg bites you.
* * * LOW HITPOINT WARNING * * *
Snorg claws you but does no damage. x2
You can't see any enemies this would affect, really read the scroll of fear?
Okay, then.
Blink to where?
Press: ? - help, Q - select action, (/) - cycle Dir - move target, p - Snorg
As you read the scroll of blinking, it crumbles to dust.
A centaur warrior comes into view.
Throw: 21 darts (poison)
Press: ? - help, Q - select action, (/) - cycle Shift-Dir - straight line, f - centaur warrior
Aim: a centaur warrior (71% to hit)
You throw a poisoned dart.
The poisoned dart hits the centaur warrior.
The centaur warrior is poisoned.
Snorg rages.
The centaur warrior wields a +0 longbow.
The centaur warrior shoots an arrow.
The arrow hits you.
* * * LOW HITPOINT WARNING * * *
The centaur warrior shoots an arrow.
The arrow misses you.
The centaur warrior shoots an arrow.
The arrow misses you.
There is an open door here.
Snorg attacks as you move away! You block Snorg's attack. Snorg misses you.
Snorg claws you.
* * * LOW HITPOINT WARNING * * *
Snorg looks more healthy.
Snorg bites you but does no damage. Snorg completely misses you. x2
Snorg attacks as you move away! You block Snorg's attack.
Snorg barely misses you. Snorg misses you.
Snorg misses you. x2; Snorg completely misses you.
Snorg bites you!!
* * * LOW HITPOINT WARNING * * *
Snorg misses you. You block Snorg's attack.
Blink to where?
Press: ? - help, Q - select action, (/) - cycle Dir - move target, p - centaur warrior
As you read the scroll of blinking, it crumbles to dust.
The centaur warrior shoots an arrow.
The arrow barely misses you. Snorg closely misses you. Snorg barely misses you.
Snorg claws you.
You die...
Fedhas appreciates your contribution to the ecosystem.

########## ...#
#...##...##...##..
#.................
#.....)..........
#..............c.
#.§c##...##...##.
#...###'###...##
#.T..+..c......#...
#.@..#[........#...
#....#.........#.[.
#...###'###...##...
#...##...##...# ..(
#...#.........# .(.
#.<.#.........##...
#...#....).........
###########...##(..
#...##>..##[.(# ...


You could see Snorg (berserk) and a centaur warrior.

Vanquished Creatures
  A hydra (D:9)
  A boulder beetle (D:8)
  A two-headed ogre (D:9)
  A tengu warrior (D:9)
  A deep elf pyromancer (D:9)
  2 cyclopes (D:9)
  2 manticores (D:9)
  A kobold demonologist (D:9)
  A troll (D:9)
  A hornet (D:9)
  Sigmund (D:4)
  A wraith (D:9)
  Eustachio (D:5)
  A wyvern (D:9)
  A yak (D:9)
  A steam dragon (D:8)
  2 wargs
  Edmund (D:4)
  An acid dragon (D:9)
  3 water moccasins
  2 ice beasts
  4 orc warriors
  A black bear (D:5)
  3 ogres
  3 centaurs
  2 phantoms
  The ghost of Newt the Shooter, an amateur KoHu (D:3)
  6 kobold brigands
  9 bullfrogs
  Blork the orc (D:5)
  5 scorpions
  2 gnoll sergeants
  A wight (D:9)
  4 killer bees
  2 howler monkeys
  2 lava snakes (D:9)
  3 jellies
  3 hounds
  8 orc priests
  3 iguanas
  2 sleepcaps
  10 orc wizards
  9 adders
  4 gnolls (D:8)
  6 river rats (D:6)
  A shadow imp (D:4)
  A white imp (D:3)
  2 worms
  3 dart slugs
  25 orcs
  6 bats
  4 endoplasms
  6 giant cockroaches
  5 goblins
  4 hobgoblins
  3 jackals (D:1)
  9 kobolds
  6 quokkas
  5 ball pythons
  5 frilled lizards
  24 rats
230 creatures vanquished.

Vanquished Creatures (collateral kills)
  A deep elf pyromancer (D:9)
1 creature vanquished.

Vanquished Creatures (others)
  A shadow imp (D:6)
  A plant (D:8)
2 creatures vanquished.

Grand Total: 233 creatures vanquished

Notes
Turn   | Place    | Note
-------+----------+-------------------------------------------
     0 | D:1      | Rocko1345 the Minotaur Monk began the quest for the Orb.
     0 | D:1      | Reached XP level 1. HP: 19/19 MP: 0/0
   197 | D:1      | Reached XP level 2. HP: 27/27 MP: 1/1
   795 | D:2      | Reached skill level 4 in Axes
   795 | D:2      | Reached XP level 3. HP: 22/34 MP: 2/2
   851 | D:2      | Identified the +4 dagger of Trial by Ordeal {speed, rF++
                  | rCorr Str-4}
   915 | D:2      | Reached XP level 4. HP: 41/41 MP: 3/3
  1647 | D:3      | Reached XP level 5. HP: 33/47 MP: 4/4
  1718 | D:3      | Reached skill level 5 in Axes
  1980 | D:3      | Found a large runed translucent door.
  1980 | D:3      | Found a large runed translucent door.
  1984 | D:3      | Noticed Newt's ghost (amateur KoHu)
  2519 | D:3      | Killed Newt's ghost
  2520 | D:3      | Reached skill level 5 in Fighting
  2520 | D:3      | Reached skill level 1 in Armour
  2690 | D:4      | Reached XP level 6. HP: 51/56 MP: 5/5
  3560 | D:4      | Reached XP level 7. HP: 61/61 MP: 6/6
  3615 | D:4      | Noticed Edmund
  3628 | D:4      | Killed Edmund
  3629 | D:4      | Reached skill level 5 in Maces & Flails
  3665 | D:4      | Noticed Sigmund
  3673 | D:4      | Killed Sigmund
  3674 | D:4      | Reached skill level 1 in Shields
  4057 | D:5      | Entered Level 5 of the Dungeon
  4057 | D:5      | Noticed Eustachio
  4064 | D:5      | Killed Eustachio
  4196 | D:5      | Reached XP level 8. HP: 61/70 MP: 7/7
  4392 | D:5      | Reached skill level 6 in Axes
  4395 | D:5      | Reached skill level 5 in Armour
  4407 | D:5      | Found a white marble altar of Elyvilon.
  4414 | D:5      | Found an opulent altar of Gozag.
  4453 | D:5      | Noticed Blork the orc
  4467 | D:5      | Killed Blork the orc
  4765 | D:6      | Reached skill level 7 in Axes
  4832 | D:6      | Found a hide-covered altar of Uskayaw.
  4996 | D:6      | Found a blossoming altar of Fedhas.
  5046 | D:6      | Became a worshipper of Fedhas Madash
  5046 | D:6      | Reached * piety under Fedhas
  5046 | D:6      | Reached ** piety under Fedhas
  5060 | D:6      | Reached skill level 8 in Axes
  5060 | D:6      | Reached skill level 1 in Throwing
  5062 | D:6      | Found The Oracle's Delphic Readings.
  5251 | D:6      | Reached XP level 9. HP: 69/78 MP: 8/8
  5575 | D:6      | Reached skill level 9 in Axes
  5710 | D:6      | Reached *** piety under Fedhas
  5925 | D:7      | Found a staircase to the Ecumenical Temple.
  6015 | D:7      | Found an ornate altar of the Wu Jian Council.
  6345 | D:7      | Reached skill level 5 in Dodging
  6756 | D:8      | Reached skill level 10 in Axes
  7242 | D:8      | Reached **** piety under Fedhas
  7368 | D:8      | Reached skill level 11 in Axes
  7405 | D:8      | Found a staircase to the Lair.
  7455 | D:8      | Identified a scroll of acquirement
  7455 | D:8      | Acquired a manual of Axes
  7750 | D:9      | Reached XP level 10. HP: 79/86 MP: 9/9
  7847 | D:9      | Noticed a manticore
  7857 | D:9      | Killed a manticore
  7869 | D:9      | Reached skill level 12 in Axes
  7909 | D:9      | Noticed a cyclops
  7909 | D:9      | Noticed a tengu warrior
  7909 | D:9      | Noticed a cyclops
  7929 | D:9      | Killed a tengu warrior
  7936 | D:9      | Reached skill level 13 in Axes
  7959 | D:9      | HP: 4/86 [cyclops (24)]
  7965 | D:9      | Killed a cyclops
  7973 | D:9      | Killed a cyclops
  8234 | D:9      | Noticed a deep elf pyromancer
  8234 | D:9      | Noticed a boulder beetle
  8234 | D:9      | Noticed a seven-headed hydra
  8262 | D:9      | Killed a nine-headed hydra
  8263 | D:9      | Reached skill level 1 in Invocations
  8289 | D:8      | HP: 2/88 [boulder beetle (44)]
  8299 | D:8      | Killed a boulder beetle
  8617 | D:9      | Found a hazy altar of Hepliaklqana.
  8671 | D:9      | Noticed a manticore
  8687 | D:9      | Killed a manticore
  8688 | D:9      | Reached XP level 11. HP: 67/95 MP: 8/11
  8783 | D:9      | Killed a deep elf pyromancer
  8817 | D:9      | Reached skill level 5 in Shields
  8915 | D:9      | Identified the +0 robe "Naengal" {rF+ Will+}
  8923 | D:9      | Noticed a deep elf pyromancer
  8929 | D:9      | Killed a deep elf pyromancer
  9119 | D:9      | Noticed a two-headed ogre
  9124 | D:9      | Killed a two-headed ogre
  9125 | D:9      | Reached skill level 10 in Armour
  9677 | D:10     | Entered Level 10 of the Dungeon
  9769 | D:10     | Noticed Snorg
  9786 | D:10     | Noticed a centaur warrior
  9795 | D:10     | HP: 2/97 [Snorg (18)]
  9797 | D:10     | Slain by Snorg

Illustrated notes

Levels and vault maps discovered:
D:1:      eino_arrival_cavern_b, layout_basic, minmay_surrounded
D:2:      layout_rooms, corexii_item_surrounded_by_moat
D:3:      layout_basic, ebering_ghost_disaster_area
D:4:      layout_layer_cave, sigmund_edmund_badplayer
D:5:      layout_rooms, amethyst_overflow_temple_binary, uniq_eustachio,
          uniq_blork_the_orc
D:6:      lemuel_ratsnest, layout_layer_cave, nicolae_uskayaw_dance_hall,
          fedhas_altar_3, nicolae_kite_square_tiling_tiny, minmay_holes,
          st_stairs_14, minmay_misc_feat_square, nicolae_nh_oracle_at_delphi
D:7:      layout_basic, pdpol_wu_jian_five_deadly_venoms,
          minmay_temple_entry_proselytizer
D:8:      layout_rooms, erik_lair_orcish_takeover
D:9:      hangedman_cross_cluster, layout_loops_ring,
          mainiacjoe_overflow_surrounded_room, kennysheep_diamond,
          kennysheep_generic_room_9
D:10:     layout_gridville, minmay_orc_entry_temple_small, uniq_snorg

Skill      XL: |  1  2  3  4  5  6  7  8  9 10 11 |
---------------+----------------------------------+-----
Fighting       | 4 5 6 7 8 9 |  9.3
Axes           | 4 5 8 11 13 | 13.8
Stealth        | 2 |  2.4
Dodging        | 4 5 |  5.4
Maces & Flails | 2 4 6 |  6.5
Armour         | 1 2 4 5 7 9 10 | 10.5
Shields        | 1 2 3 4 5 |  5.5
Throwing       | 1 2 |  2.7
Invocations    | 2 4 |  4.3

Action                     |  1- 3 |  4- 6 |  7- 9 | 10-12 || total
---------------------------+-------+-------+-------+-------++-------
  Melee: Hand axe          |    64 |    45 |   264 |   192 ||   565
         Headbutt          |     9 |    21 |    50 |    40 ||   120
         Morningstar       |       |   101 |       |       ||   101
  Throw: Dart              |       |       |    18 |    13 ||    31
 Invoke: Wall of Briars    |       |       |       |     1 ||     1
         Overgrow          |       |       |       |     1 ||     1
    Use: Scroll            |     1 |     8 |     6 |     5 ||    20
         Potion            |       |     4 |       |    13 ||    17
   Stab: Sleeping          |     1 |       |       |       ||     1
 Armour: Robe              |    17 |     8 |       |       ||    25
         Chain mail        |       |   117 |   129 |    97 ||   343
  Dodge: Dodged            |    53 |    97 |    96 |   115 ||   361
  Block: Buckler           |       |    20 |    53 |    44 ||   117

Table legend: (Time is in decaauts)
 A = Elapsed time spent in this place.
 B = Non-inter-level travel time spent in this place.
 C = Inter-level travel time spent in this place.
 D = Time resting spent in this place.
 E = Time spent auto-exploring this place.
 F = Levels seen in this place.
 G = Mean time per level.
                   A        B        C        D        E       F      G
               +--------+--------+--------+--------+--------+-----+--------+
         Total |   9757 |   9474 |    283 |   1759 |   5327 |  10 |  975.7 |
       Dungeon |   9757 |   9474 |    283 |   1759 |   5327 |  10 |  975.7 |
               +--------+--------+--------+--------+--------+-----+--------+

Top non-repeatable levels by time:
     D:9: 1618 daAuts
     D:3: 1307 daAuts
     D:4: 1284 daAuts
     D:8: 1112 daAuts
     D:7: 1086 daAuts
     D:6: 1027 daAuts
     D:1: 792 daAuts
     D:2: 716 daAuts
     D:5: 697 daAuts
    D:10: 112 daAuts
